 Dungeon Crawl Stone Soup version 0.14-a0-1969-g2c76abe (webtiles) character file.

167 Piginabag the Insei (level 4, 0/28 HPs)
             Began as an Octopode Transmuter on Jan 16, 2014.
             Slain by a jackal (3 damage)
             ... on Level 3 of the Dungeon.
             The game lasted 00:03:49 (2121 turns).

Piginabag the Insei (Octopode Transmuter)           Turns: 2121, Time: 00:03:49

HP   0/28        AC  2     Str  9      XL: 4   Next: 78%
MP   5/8         EV 21     Int 15      God:
Gold 65          SH  0     Dex 18      Spells:  2 memorised,  4 levels left

rFire  . . .     SeeInvis .       - Unarmed
rCold  . . .     Clarity  .     (shield currently unavailable)
rNeg   . . .     Conserve .     (helmet currently unavailable)
rPois  x         rCorr    .     (no amulet)
rElec  .         rRot     .     (no ring)
SustAb . .       Spirit   .     (no ring)
rMut   .         Warding  .     (no ring)
Saprov . . .     Stasis   .     (no ring)
MR     .....                    (no ring)
                                (no ring)
                                (no ring)
                                (no ring)

@: spider-form (expiring), mildly poisoned, quick, not resistant to hostile
enchantments, fairly stealthy
A: almost no armour, amphibious, 8 rings, (constrict 8), (camouflage 0),
(gelatinous body 0)
a: End Transformation


You were on level 3 of the Dungeon.
You were hungry.
You were in spider-form.
You visited 1 branch of the dungeon, and saw 3 of its levels.

You collected 65 gold pieces.

Inventory:

Missiles
 b - 12 arrows
Comestibles
 a - a bread ration
 h - an apple
 k - a choko
 l - a lemon
 r - a meat ration
Scrolls
 c - 2 scrolls of noise {unknown}
 e - a scroll of identify {unknown}
 f - a scroll of fog {unknown}
 g - 5 scrolls of remove curse {unknown}
 n - a scroll of teleportation {unknown}
 p - 3 scrolls of curse weapon {unknown}
 t - a scroll of immolation {unknown}
 v - a scroll of curse jewellery {unknown}
Jewellery
 j - an uncursed amulet of stasis {unknown}
 o - a +3 ring of protection {unknown}
Potions
 i - a potion of lignification {unknown}
 m - a potion of brilliance {unknown}
 q - a potion of might {unknown}
 u - a potion of heal wounds {unknown}
Books
 d - a book of Changes

   Spells                             Type                      Level
   *Beastly Appendage                 Transmutation                1
   Sticks to Snakes                   Transmutation                2
   *Spider Form                       Transmutation/Poison         3
   Ice Form                           Ice/Transmutation            4
   Blade Hands                        Transmutation                5
 s - a book of Cantrips

   Spells                             Type                      Level
   Confusing Touch                    Hexes                        1
   Animate Skeleton                   Necromancy                   1
   Summon Small Mammal                Summoning                    1
   Apportation                        Translocation                1


   Skills:
 + Level 1.5 Fighting
 + Level 2.9 Dodging
 + Level 1.3 Stealth
 + Level 3.7 Unarmed Combat
 + Level 2.7 Spellcasting
 + Level 2.3 Transmutations


You had 4 spell levels left.
You knew the following spells:

 Your Spells              Type           Power        Failure   Level  Hunger
a - Beastly Appendage     Trmt           #.....       24%         1    #......
b - Spider Form           Trmt/Pois      #.........   65%         3    ###....


Dungeon Overview and Level Annotations

Branches:
Dungeon (3/16)

Altars:
Sif Muna
Zin


Innate Abilities, Weirdness & Mutations

You cannot wear most types of armour.
You are amphibious.
You can wear up to eight rings at the same time.*
((You can use your tentacles to constrict many enemies at once.))*
((Your skin changes colour to match your surroundings (Stlth).))*
((Your rubbery body absorbs attacks (AC +1).))*


Message History

* * * LOW HITPOINT WARNING * * *
You barely miss the jackal.
The jackal is severely wounded.
Your transformation is almost over.
* * * LOW HITPOINT WARNING * * *
You feel sick. The jackal completely misses you. The jackal misses you.
You bite the jackal!
You kill the jackal!
* * * LOW HITPOINT WARNING * * *
You feel sick.
The jackal bites you but does no damage.
You hit the jackal.
The jackal is poisoned.
The jackal is severely wounded.
* * * LOW HITPOINT WARNING * * *
You feel sick. The jackal misses you.
You hit the jackal.
You kill the jackal!
* * * LOW HITPOINT WARNING * * *
You feel sick. The jackal bites you.
You die...

########### #....sh(..##
#.######.).# ########.# #.....#
#........# ....8....#
#...>....#.............
#####........#.<...###...<. ###
....#........#...## ##.. #..
....#........#### # #..
....#.........#################..


You could see a jackal.

Vanquished Creatures
  3 adders
  3 giant mites
  A giant gecko (D:1)
  4 bats
  A giant cockroach (D:1)
  6 goblins
  6 hobgoblins
  13 jackals
  A quokka (D:3)
  A ball python (D:2)
  3 giant newts
  8 kobolds
  3 rats
53 creatures vanquished.

Notes
Turn   | Place    | Note
--------------------------------------------------------------
     0 | D:1      | Piginabag, the Octopode Transmuter, began the quest for the Orb.
     0 | D:1      | Reached XP level 1. HP: 13/13 MP: 3/3
   236 | D:1      | Reached XP level 2. HP: 9/18 MP: 2/4
   528 | D:1      | Reached XP level 3. HP: 14/23 MP: 4/6
   973 | D:2      | Found a deep blue altar of Sif Muna.
  1155 | D:2      | Reached XP level 4. HP: 9/28 MP: 6/8
  1307 | D:2      | Learned a level 3 spell: Spider Form
  1463 | D:2      | Found a glowing silver altar of Zin.
  1828 | D:3      | Reached skill level 1 in Stealth
  2121 | D:3      | Slain by a jackal

Action                   |  1- 3 |  4- 6 || total
-------------------------+-------+-------++-------
Melee: Unarmed           |    78 |    36 ||   114
 Cast: Beastly Appendage |    21 |     2 ||    23
       Spider Form       |       |     5 ||     5
  Use: Potion            |     1 |     1 ||     2
 Stab: Sleeping          |     3 |     2 ||     5
